 Dungeon Crawl Stone Soup version 0.31.0-12-g77e489cdc1 (webtiles) character file.

Game seed: 17396817826641829935

4 Arctor the Firebug (level 1, 0/10 HPs)
             Began as a Deep Elf Fire Elementalist on Feb 14, 2024.
             Slain by a jackal (2 damage)
             ... on level 1 of the Dungeon.
             The game lasted 00:00:20 (283 turns).

Arctor the Firebug (Deep Elf Fire Elementalist)      Turns: 283, Time: 00:00:20

Health: 0/10       AC:  2    Str:  5    XL:     1   Next: 58%
Magic:  1/6        EV: 12    Int: 19    God:
Gold:   0          SH:  0    Dex: 15    Spells: 5/6 levels left

rFire   . . .        c - +0 dagger
rCold   . . .        (no shield)
rNeg    . . .        a - +0 robe
rPois   .            (no helmet)
rElec   .            (no cloak)
rCorr   .            (no gloves)
SInv    .            (no boots)
Will    +....        (no amulet)
Stlth   ++           (no ring)
HPRegen 0.21/turn    (no ring)
MPRegen 0.10/turn

%: no passive effects
@: enlightened, flying
A: no striking features
a: no special abilities


You were on level 1 of the Dungeon.
You visited 1 branch of the dungeon, and saw 1 of its levels.

Inventory:

Hand Weapons
 c - a +0 dagger (weapon)
Armour
 a - a +0 robe (worn)
Potions
 b - a potion of magic


   Skills:
 + Level 2.5 Dodging
 + Level 2.5 Stealth
 + Level 3.1 Spellcasting
 + Level 1.2 Conjurations
 + Level 3.3 Fire Magic


You had 5 spell levels left.
You knew the following spells:

 Your Spells              Type           Power      Damage    Failure   Level
a - Foxfire               Conj/Fire      44%        2x1d6     6%          1

Your spell library contained the following spells:

 Spells                   Type           Power      Damage    Failure   Level
 Scorch                   Fire           30%        2d6       6%          2
 Inner Flame              Hex/Fire       9%         N/A       22%         3
 Volatile Blastmotes      Fire/Tloc      18%        2d11      22%         3
 Flame Wave               Conj/Fire      11%        2d6       50%         4


Dungeon Overview and Level Annotations

Branches:
Dungeon (1/15)

Altars:


Message History

The foxfire hits the kobold.
The kobold is severely wounded.
You conjure some foxfire!
The kobold hits you but does no damage.
A dart slug comes into view.
There are monsters nearby!
You miscast Foxfire.
You are very lightly contaminated with residual magic.
Nothing appears to happen.
The kobold shouts!
You hear a shout!
The foxfire hits the kobold.
You kill the kobold!
The foxfire hits the ball python.
The ball python is moderately wounded.
You conjure some foxfire!
The kobold throws a stone.
The stone barely misses you.
You conjure some foxfire!
The foxfire hits the ball python.
The ball python is severely wounded.
The foxfire hits the ball python.
You kill the ball python!
A jackal comes into view.
The dart slug launches a dart at you. The slug dart hits you.
The jackal bites you.
Your foxfire dissipates!
The foxfire hits the jackal.
The jackal is moderately wounded.
A goblin comes into view. It is wielding a +0 dagger.
The dart slug launches a dart at you. The slug dart misses you.
A jackal comes into view.
The jackal bites you.
* * * LOW HITPOINT WARNING * * *
The jackal attacks as it pursues you! The jackal bites you.
* * * LOW HITPOINT WARNING * * *
The jackal bites you but does no damage.
The jackal barks!
Your magical contamination has completely faded away.
It was a potion of enlightenment.
You feel very buoyant.
You fly up into the air.
The jackal misses you. The jackal bites you.
You die...

#.###.########.####
#.## #
#.....##.......#
##.####
####.###......##
#...... #.# #......#
##.##### #.#
#......# #..#
#.###......# #.##
#..........#####.#
###...#............#
....#.##@###.......#
...$..##h###.......#
#......hBg##.......#
#.>..............>.#
#....h..K..........#
..$.........##..####
....).w†.....#..#
........#....#.##
........#....#.#


You could see a dart slug, 3 jackals, a giant cockroach, a goblin and a kobold.

Vanquished Creatures
  An endoplasm (D:1)
  A goblin (D:1)
  A ball python (D:1)
  2 kobolds (D:1)
5 creatures vanquished.

Vanquished Creatures (others)
  20 foxfires (D:1)
20 creatures vanquished.

Grand Total: 25 creatures vanquished

Notes
Turn   | Place    | Note
-------+----------+-------------------------------------------
     0 | D:1      | Arctor the Deep Elf Fire Elementalist began the quest for
                  | the Orb.
     0 | D:1      | Reached XP level 1. HP: 10/10 MP: 6/6
   283 | D:1      | Slain by a jackal

Illustrated notes

Levels and vault maps discovered:
D:1:      elethiomel_arrival_infinity_welcomes_careful_drivers, layout_rooms,
          serial_shops, shop, nicolae_shop_tiny_glass,
          nicolae_shop_real_fake_doors

Action                     || total
---------------------------++-------
   Cast: Foxfire           ||    14
    Use: Potion            ||     1
 Armour: Robe              ||     7
  Dodge: Dodged            ||     3
